 Dungeon Crawl Stone Soup version 0.26.0-45-g9c1d065592 (webtiles) character file.

Game seed: 10916181940724120972

32 kaeus the Sneak (level 3, -6/26 HPs)
             Began as an Octopode Monk on Jan 27, 2021.
             Mangled by a gnoll
             ... wielding a +0 spear
              (8 damage)
             ... on level 2 of the Dungeon.
             The game lasted 00:01:01 (1186 turns).

kaeus the Sneak (Octopode Monk)                     Turns: 1186, Time: 00:01:02

Health: -6/26      AC:  1    Str: 10    XL:     3   Next: 25%
Magic:  3/3        EV:  8    Int: 12    God:
Gold:   82         SH:  0    Dex: 15    Spells: 2/2 levels left

rFire    . . .     SeeInvis .   a - +0 short sword
rCold    . . .     Faith    .   (no shield)
rNeg     . . .     Spirit   .   (helmet restricted)
rPois    .         Reflect  .   (no amulet)
rElec    .         Harm     .   (no ring)
rCorr    .         Rampage  .   (no ring)
Will     .....                  (no ring)
Stlth    ++++......             (no ring)
HPRegen  0.08/turn              (no ring)
MPRegen  0.08/turn              (no ring)
                                (no ring)
                                (no ring)

@: held
A: almost no armour, stealthy swim, amphibious, 8 rings, constrict 8, camouflage
1, gelatinous body 1
a: no special abilities


You were on level 2 of the Dungeon.
You visited 1 branch of the dungeon, and saw 2 of its levels.

You collected 82 gold pieces.

Inventory:

Hand Weapons
 a - a +0 short sword (weapon)
Scrolls
 c - 2 scrolls of teleportation {unknown}
 d - a scroll of enchant weapon {unknown}
 e - a scroll of remove curse {unknown}
 f - a scroll of immolation {unknown}
Potions
 b - a potion of curing {unknown}


   Skills:
 + Level 3.2 Fighting
 + Level 3.2 Short Blades
 + Level 3.2 Dodging
 * Level 3.9 Stealth


You had 2 spell levels left.
You didn't know any spells.
Your spell library was empty.

Dungeon Overview and Level Annotations

Branches:
Dungeon (2/15)

Altars:


Innate Abilities, Weirdness & Mutations

You cannot wear most types of armour.
You are very stealthy in the water. (Stealth+)
You are amphibious.
You can wear up to eight rings at the same time.
You can use your tentacles to constrict eight enemies at once.
Your skin changes colour to match your surroundings (Stealth+).
Your rubbery body absorbs attacks. (AC +1, EV +1)


Message History

The gnoll hits you but does no damage.
There are monsters nearby!
You take 3 damage, and have 15/26 hp.
You release your grip on the gnoll.
The gnoll hits you from afar with a +0 spear.
You take 6 damage, and have 9/26 hp.
MASSIVE DAMAGE!!
There is a stone staircase leading up here.
The gnoll misses you.
The gnoll throws a throwing net.
The throwing net hits you.
You become entangled in the net!
You stop ascending the stairs.
The gnoll hits you from afar with a +0 spear.
* * * LOW HITPOINT WARNING * * *
You take 2 damage, and have 7/26 hp.
You struggle against the net.
The gnoll hits you but does no damage.
The gnoll hits you from afar with a +0 spear.
* * * LOW HITPOINT WARNING * * *
You take 5 damage, and have 2/26 hp.
You tear a large gash into the net.
The gnoll hits you from afar with a +0 spear!
You die...

#.. [#...
########.##...
#...........
#.......g.#
#.......†g#
#.........#
#....ggl..#
#.........#
#....@....#
#...........#
###########.#
... ... ..


You could see 4 gnolls and a frilled lizard.

Vanquished Creatures
  An ooze (D:1)
  A dart slug (D:1)
  A ball python (D:1)
  3 bats (D:1)
  A giant cockroach (D:1)
  2 hobgoblins (D:1)
  5 frilled lizards
  4 goblins (D:1)
  3 kobolds (D:1)
  7 rats (D:1)
28 creatures vanquished.

Notes
Turn   | Place    | Note
-------+----------+-------------------------------------------
     0 | D:1      | kaeus the Octopode Monk began the quest for the Orb.
     0 | D:1      | Reached XP level 1. HP: 16/16 MP: 1/1
   257 | D:1      | Reached XP level 2. HP: 21/21 MP: 2/2
   878 | D:1      | Reached XP level 3. HP: 26/26 MP: 3/3
  1186 | D:2      | Mangled by a gnoll

Illustrated notes

Levels and vault maps discovered:
D:1:      minmay_arrival_semitransparent, layout_loops_ring, nrook_loot_triangle
D:2:      layout_rooms, nicolae_overflow_hidden_temple,
          gammafunk_temple_overflow_wave, st_stairs_5,
          okawaru_ov_weapons_minmay, uniq_natasha, uniq_crazy_yiuf_cottage

Skill      XL: |  1 |
---------------+----+-----
Stealth        | 3 |  3.9
Fighting       | |  3.2
Short Blades   | |  3.2
Dodging        | |  3.2

Action                   || total
-------------------------++-------
Melee: Short sword       ||    47
       Constrict         ||    16
       Tentacles         ||     5
 Stab: Sleeping          ||     6
       Distracted        ||     1
Armor: Skin              ||     1
Dodge: Dodged            ||    25
